Map: Arctic Dream LE

Players

ĂngêlMārinê - Winner!

  • Race: Protoss Protoss
  • League: Master
  • Spawn Location: 6:00

JangoFett - Winner!

  • Race: Terran Terran
  • League: Master
  • Spawn Location: 5:00

Massa

  • Race: Terran Terran
  • League: Platinum
  • Spawn Location: 12:00

qqq

  • Race: Zerg Zerg
  • League: Platinum
  • Spawn Location: 11:00

VOD

Have the link to the VOD?

Description

Time

  • Played on: Dec. 8, 2020, 8:03 a.m.
  • Length: 12:15
Show
View Real Time Build Order
Export as new Build Order

ĂngêlMārinê Protoss - Winner!

Build Orders: Blink Stalkers 

Get SALT Encoding   

  12  0:01  Probe  
  13  0:13  Probe  
  14  0:26  Probe  
  14  0:28  Pylon  
  15  0:46  Probe (Chrono Boost)  
  15  0:49  Gateway  
  16  0:52  Assimilator  
  16  0:57  Assimilator  
  16  0:59  Probe (Chrono Boost)  
  17  1:07  Probe (Chrono Boost)  
  19  1:19  Probe (Chrono Boost)  
  19  1:27  Gateway  
  19  1:29  Pylon  
  19  1:32  Probe  
  20  1:43  Cybernetics Core  
  20  1:44  Probe  
  21  1:56  Probe  
  22  2:08  Probe  
  23  2:19  Adept x2, Warp Gate (Chrono Boost)  
  27  2:38  Nexus  
  27  2:45  Pylon  
  27  2:50  Pylon  
  27  3:01  Adept  
  27  3:03  Adept  
  31  3:14  Twilight Council  
  31  3:16  Probe  
  32  3:28  Probe  
  37  3:39  Stalker  
  37  3:40  Stalker  
  37  3:51  Gateway  
  37  3:53  Probe x2  
  37  3:54  Blink (Chrono Boost)  
  39  4:06  Probe  
  39  4:08  Probe  
  41  4:18  Probe, Assimilator  
  41  4:22  Stalker  
  44  4:28  Stalker  
  44  4:30  Probe  
  47  4:32  Probe  
  48  4:42  Probe  
  48  4:44  Probe  
  50  4:48  Stalker  
  52  4:53  Stalker  
  52  4:54  Probe  
  52  4:56  Probe  
  56  5:01  Assimilator  
  56  5:06  Probe  
  57  5:08  Probe  
  57  5:12  Gateway  
  58  5:18  Probe  
  58  5:19  Shield Battery  
  58  5:21  Probe  
  60  5:26  Stalker  
  62  5:33  Pylon  
  62  5:45  Nexus  
  62  5:51  Probe x2  
  62  5:56  Pylon  
  64  6:00  Stalker  
  64  6:03  Probe, Stalker  
  69  6:05  Probe  
  69  6:09  Pylon  
  70  6:15  Gateway  
  70  6:24  Stalker x2  
  74  6:33  Stalker x2  
  74  6:37  Probe  
  74  6:38  Probe  
  80  6:49  Stalker x2  
  80  6:50  Probe (Chrono Boost)  
  85  6:57  Probe (Chrono Boost)  
  88  7:02  Probe (Chrono Boost)  
  88  7:04  Forge  
  88  7:07  Probe (Chrono Boost), Gateway  
  89  7:09  Probe (Chrono Boost)  
  89  7:11  Probe (Chrono Boost)  
  89  7:13  Probe (Chrono Boost), Assimilator  
  89  7:15  Probe  
  91  7:20  Stalker  
  91  7:21  Probe  
  95  7:24  Stalker  
  95  7:25  Probe  
  95  7:27  Probe  
  75  8:14  Stalker x5  
  75  8:15  Stalker  
  75  8:19  Probe x2  
  90  8:20  Probe  
  90  8:23  Assimilator  
  90  8:25  Pylon  
  90  8:30  Gateway  
  90  8:31  Gateway  
  90  8:33  Gateway  
  82  8:35  Gateway  
  70  9:05  Stalker  
  70  9:06  Stalker x4  
  70  9:07  Stalker  
  70  9:08  Protoss Ground Weapons Level 1 (Chrono Boost)  
  82  9:27  Stalker x2  
  86  9:33  Stalker x3  
  86  9:34  Stalker x5  
  86  9:37  Pylon  
  102  9:38  Probe  
  102  9:39  Probe  
  104  9:53  Nexus  
  104  9:54  Gateway, Pylon  
  104  9:55  Gateway  
  104  9:56  Gateway  
  104  9:57  Pylon  
  104  9:59  Pylon, Stalker x2  
  108  10:00  Assimilator, Stalker x3  
  108  10:02  Pylon  
  108  10:05  Assimilator  
  110  10:19  Stalker x5  
  120  10:34  Stalker x4  
  120  10:35  Stalker  
  114  10:59  Stalker x4  
  114  11:00  Stalker x5  
  104  11:20  Stalker x4  
  108  11:37  Stalker x6  
  108  11:38  Stalker x2  
  118  12:08  Stalker x2  
  118  12:09  Stalker x6  
  118  12:10  Stalker x2  
Show
View Real Time Build Order
Export as new Build Order

JangoFett Terran - Winner!

Build Orders:  

Get SALT Encoding   

  12  0:00  SCV  
  13  0:12  SCV  
  14  0:17  Supply Depot  
  14  0:24  SCV  
  15  0:30  Refinery  
  15  0:38  SCV  
  16  0:44  Barracks  
  16  0:50  SCV  
  17  1:03  SCV  
  18  1:07  Supply Depot  
  18  1:14  Refinery  
  18  1:15  SCV  
  19  1:31  Orbital Command  
  19  1:32  Barracks Reactor  
  19  1:47  Factory  
  19  1:57  SCV  
  20  2:08  Marine x2  
  20  2:09  SCV  
  23  2:21  SCV  
  24  2:26  Marine x2  
  26  2:30  Starport  
  26  2:34  SCV  
  27  3:05  Barracks Tech Lab  
  28  3:06  Hellion  
  28  3:09  Command Center  
  30  3:13  Medivac, Supply Depot  
  31  3:34  SCV  
  31  3:35  Supply Depot  
  31  3:41  Hellion  
  36  3:42  Widow Mine  
  36  3:43  Marauder, Concussive Shells  
  36  3:46  SCV  
  39  3:54  Supply Depot  
  38  3:58  SCV  
  38  4:01  Liberator  
  42  4:05  Barracks  
  42  4:11  SCV  
  42  4:14  Marauder  
  45  4:23  SCV  
  46  4:35  Orbital Command  
  46  4:43  Viking, Stimpack  
  48  4:49  SCV  
  48  4:52  Barracks Tech Lab  
  49  5:01  SCV  
  49  5:02  SCV  
  51  5:10  Combat Shield  
  51  5:13  SCV  
  51  5:14  SCV  
  53  5:17  Marauder x2  
  58  5:28  SCV x2  
  59  5:40  SCV x2  
  61  5:42  Command Center  
  61  5:45  Marauder x2  
  65  5:52  SCV x2  
  57  6:04  SCV  
  57  6:05  SCV  
  57  6:06  Marauder  
  57  6:07  Marauder  
  57  6:11  Factory Tech Lab  
  63  6:12  Engineering Bay x2  
  63  6:13  Refinery  
  63  6:14  Refinery, Medivac x2  
  63  6:17  SCV  
  68  6:29  Marauder x2  
  68  6:32  SCV x2  
  74  6:39  Missile Turret  
  74  6:42  Missile Turret  
  74  6:43  Terran Infantry Armor Level 1, Terran Infantry Weapons Level 1  
  74  6:45  SCV  
  74  6:46  SCV  
  76  6:58  SCV  
  76  6:59  Orbital Command  
  78  7:16  SCV x2  
  78  7:18  Barracks  
  78  7:20  Barracks  
  76  7:25  Armory  
  76  7:27  Barracks Reactor, Orbital Command  
  76  7:30  SCV, Missile Turret  
  76  7:31  SCV  
  76  7:32  Missile Turret  
  76  7:35  Missile Turret  
  78  7:38  Missile Turret  
  78  7:48  SCV x2  
  80  7:53  Missile Turret  
  80  8:06  Marine x2  
  79  8:16  Barracks Reactor  
  79  8:17  Barracks Reactor  
  79  8:18  SCV  
  79  8:19  SCV  
  80  8:21  Command Center, Medivac  
  80  8:22  Medivac  
  80  8:24  SCV  
  85  8:28  Terran Vehicle And Ship Armor Level 1  
  85  8:31  SCV  
  84  8:40  Terran Infantry Armor Level 2, Terran Infantry Weapons Level 2  
  78  9:00  Marauder  
  78  9:01  SCV x2  
  74  9:03  Marine  
  74  9:04  Marine x5  
  74  9:05  Medivac  
  74  9:06  SCV, Medivac  
  85  9:10  Siege Tank  
  85  9:13  SCV x2  
  85  9:14  Barracks x2  
  90  9:17  Barracks  
  90  9:18  SCV  
  90  9:21  Marauder, Marine  
  90  9:24  Marine x2  
  94  9:25  SCV  
  94  9:26  Marine  
  94  9:30  Barracks x2  
  98  9:41  Marine  
  98  9:42  Marine x2  
  98  9:43  Marauder, Marine  
  98  9:44  Marine, Medivac  
  98  9:45  Medivac  
  109  9:46  SCV  
  109  9:47  SCV x2  
  109  9:50  Missile Turret  
  109  9:52  Missile Turret x2  
  112  9:53  Missile Turret  
  112  9:54  Marine  
  112  9:55  Missile Turret  
  112  9:58  SCV  
  112  9:59  SCV x2  
  116  10:00  Marine x2  
  116  10:14  Marine  
  116  10:15  Barracks Reactor x2  
  116  10:16  Marine  
  116  10:18  Barracks Reactor, Barracks Tech Lab, Missile Turret  
  116  10:22  Missile Turret x2  
  116  10:25  Supply Depot  
  116  10:26  SCV x3, Marauder, Marine, Planetary Fortress, Supply Depot  
  116  10:27  Supply Depot  
  116  10:28  Supply Depot  
  122  10:29  Supply Depot  
  122  10:33  Marine x2  
  124  10:39  Marine  
  123  10:48  Marauder  
  113  10:51  Marine  
  113  10:53  Marine x2  
  113  10:54  Marine x7  
  113  10:55  Marine x2  
  123  10:57  Marine  
  123  10:59  Medivac x2, Siege Tank  
  123  11:00  SCV x2  
  133  11:09  Marine x2, Command Center  
  133  11:10  Marine  
  131  11:18  Marauder, Marine x5  
  130  11:19  Marine x4  
  130  11:20  SCV  
  130  11:21  SCV x2  
  130  11:22  SCV  
  139  11:26  Marine x2  
  139  11:27  Marine x2  
  139  11:28  Marauder  
  139  11:50  Marauder x3, Marine x4  
  144  11:54  Marine x3  
  144  11:55  Marine x5  
  144  11:57  SCV x3  
  144  11:58  SCV  
Show
View Real Time Build Order
Export as new Build Order

Massa Terran 

Build Orders: 2 Factory 

Get SALT Encoding   

  12  0:00  SCV  
  13  0:12  SCV  
  14  0:17  Supply Depot  
  14  0:25  SCV  
  15  0:39  SCV  
  15  0:40  Barracks  
  16  0:46  Supply Depot  
  16  0:52  Refinery  
  16  0:54  SCV  
  17  1:06  SCV  
  18  1:18  SCV  
  19  1:31  Refinery  
  20  1:35  Orbital Command  
  20  1:37  Reaper  
  20  1:59  Command Center  
  20  2:01  SCV  
  21  2:12  Factory  
  21  2:16  SCV  
  22  2:28  SCV  
  23  2:33  Marine  
  24  2:40  SCV, Factory  
  24  3:00  Factory Tech Lab  
  24  3:02  Barracks Reactor  
  24  3:05  SCV  
  25  3:14  Engineering Bay  
  25  3:17  SCV  
  26  3:22  Barracks  
  26  3:24  Hellion, Infernal Pre-Igniter  
  28  3:30  Orbital Command  
  28  3:32  SCV  
  29  3:40  Missile Turret  
  29  3:44  SCV  
  30  3:49  Hellion x2  
  30  3:50  Hellion  
  30  3:55  Missile Turret  
  36  3:58  SCV  
  37  4:06  Barracks Tech Lab  
  37  4:10  Hellion  
  39  4:22  Hellion x2  
  43  4:25  Terran Infantry Weapons Level 1  
  43  4:26  Barracks Reactor  
  43  4:31  Hellion  
  43  4:37  Sensor Tower  
  45  4:47  Supply Depot  
  45  4:50  SCV, Supply Depot  
  46  4:58  Missile Turret  
  46  5:04  Armory  
  46  5:09  Widow Mine x2, SCV x2  
  53  5:21  SCV x2, Marine  
  53  5:22  Marine x2  
  54  5:39  Marine  
  55  5:46  Starport  
  55  6:08  Siege Tank  
  55  6:09  Widow Mine  
  55  6:10  Widow Mine  
  62  6:18  Marauder, Marine x2  
  62  6:19  Terran Infantry Armor Level 1, Supply Depot x2  
  62  6:22  Supply Depot  
  62  6:30  Starport Tech Lab  
  60  6:36  Marine x2  
  62  6:46  Drilling Claws  
  61  6:51  SCV x2  
  60  7:16  SCV x2  
  62  7:25  Banshee  
  62  7:28  SCV  
  62  7:29  SCV  
  67  7:34  Refinery x2  
  67  7:40  SCV  
  67  7:41  SCV  
  69  7:45  Marauder, Marine  
  72  7:53  SCV x2  
  74  8:05  SCV  
  73  8:06  Marauder  
  73  8:12  Marine x2  
  77  8:13  Terran Infantry Weapons Level 2  
  77  8:17  Siege Tank  
  82  8:20  Widow Mine x2  
  81  8:28  Marauder  
  81  8:30  Marine x2  
  75  8:41  Widow Mine  
  75  8:42  Widow Mine  
  75  8:47  Marine  
  68  8:49  Marauder  
  68  8:50  Marine  
  61  9:05  Banshee, Marine  
  61  9:08  Barracks, Marine  
  66  9:11  Barracks x2, Marauder  
  66  9:13  Barracks  
  68  9:18  Widow Mine  
  68  9:19  Widow Mine, Siege Tank  
  68  9:23  Marine  
  76  9:26  Marine  
  77  9:32  Marauder  
  77  9:37  Stimpack  
  79  9:41  Marine  
  79  9:44  Marine  
  81  9:48  Banshee  
  84  9:53  Marauder  
  84  10:06  Command Center  
  84  10:15  Marauder  
  84  10:20  Barracks Tech Lab x2  
  86  10:33  Supply Depot  
  86  10:35  Supply Depot  
  86  10:36  SCV x2  
  86  10:38  Marine x2  
  86  10:41  Marauder  
  83  10:48  SCV  
  73  10:56  Marine x2  
  70  10:57  Marauder x2  
  70  10:58  Supply Depot  
  70  11:02  Marauder, Supply Depot  
  70  11:03  Barracks Reactor x2  
  71  11:06  Siege Tank  
  71  11:07  Widow Mine x2  
  72  11:14  Marine x2  
  72  11:18  Marauder, Marine  
  66  11:24  Marauder  
  62  11:31  Marine x2  
  60  11:36  Marauder  
  64  11:40  Marauder  
  64  11:43  Marine x2  
  64  11:44  Marine x2  
  69  11:49  Marine x2  
Show
View Real Time Build Order
Export as new Build Order

qqq Zerg 

Build Orders: Hatch First 

Get SALT Encoding   

  12  0:01  Drone  
  13  0:08  Drone  
  14  0:24  Overlord  
  14  0:45  Hatchery  
  14  0:48  Drone  
  14  0:51  Extractor  
  14  0:55  Drone  
  14  1:00  Drone  
  14  1:03  Drone  
  16  1:21  Drone  
  16  1:24  Drone  
  18  1:32  Spawning Pool  
  17  1:37  Drone  
  18  1:58  Drone x2  
  20  2:03  Drone  
  21  2:16  Overlord  
  23  2:27  Drone  
  23  2:28  Drone  
  23  2:29  Queen  
  27  2:36  Lair  
  25  2:44  Roach Warren  
  25  2:50  Drone  
  25  2:52  Drone x3  
  25  2:55  Drone  
  25  2:56  Overlord  
  28  3:12  Drone  
  29  3:18  Drone  
  30  3:20  Hatchery  
  30  3:24  Roach x2  
  34  3:27  Drone  
  34  3:28  Roach  
  36  3:35  Queen  
  36  3:37  Glial Reconstitution  
  36  3:40  Drone  
  39  3:50  Drone  
  39  3:51  Roach x2  
  44  3:56  Spore Crawler  
  44  3:58  Drone, Spore Crawler  
  44  4:01  Overlord  
  43  4:05  Overlord  
  43  4:09  Drone  
  44  4:14  Overlord  
  44  4:20  Drone x2  
  46  4:28  Roach  
  46  4:31  Drone  
  49  4:35  Extractor  
  48  4:39  Roach  
  48  4:43  Extractor  
  48  4:45  Queen  
  49  4:46  Drone x2  
  49  4:48  Roach x4  
  49  4:50  Roach  
  63  4:58  Drone x2  
  63  4:59  Drone x2  
  67  5:00  Roach  
  69  5:10  Drone  
  70  5:20  Spore Crawler  
  69  5:23  Drone  
  69  5:24  Drone x4  
  69  5:25  Spore Crawler  
  73  5:30  Drone, Spire  
  73  5:31  Drone  
  71  6:02  Extractor  
  71  6:03  Roach x2  
  74  6:06  Overlord x2  
  74  6:07  Overlord x5  
  74  6:25  Roach x2  
  78  6:27  Roach x3  
  84  6:36  Drone x4  
  88  6:46  Drone, Mutalisk  
  88  6:47  Mutalisk  
  93  6:58  Hatchery  
  92  7:10  Mutalisk x3  
  98  7:18  Drone  
  98  7:19  Drone x4  
  98  7:20  Drone  
  104  7:24  Mutalisk  
  104  7:27  Mutalisk  
  108  7:32  Hatchery  
  107  7:41  Mutalisk x3, Roach  
  107  7:43  Drone x2  
  93  8:12  Mutalisk x4, Roach  
  85  8:16  Drone x2  
  85  8:17  Drone x3  
  88  8:20  Roach  
  90  8:28  Mutalisk  
  92  8:43  Infestation Pit  
  79  9:04  Mutalisk x3  
  79  9:05  Roach  
  79  9:06  Zergling x4  
  79  9:07  Zergling x4  
  79  9:08  Drone x4, Zergling x6  
  98  9:11  Extractor  
  98  9:12  Extractor  
  98  9:17  Queen  
  98  9:31  Metabolic Boost  
  98  9:33  Zerg Flyer Weapons Level 1  
  98  9:36  Zergling x8  
  98  9:37  Hive  
  102  9:39  Drone x6  
  102  9:43  Hatchery  
  102  9:44  Drone x4  
  111  9:49  Zergling x10  
  111  9:50  Zergling x2  
  117  9:54  Extractor  
  117  9:55  Extractor  
  117  9:58  Drone x5, Spine Crawler  
  117  9:59  Spine Crawler  
  118  10:05  Mutalisk x2  
  122  10:07  Drone x2  
  122  10:08  Drone  
  125  10:19  Mutalisk x4  
  125  10:21  Zergling x2  
  130  10:22  Drone  
  130  10:23  Drone x3  
  123  11:02  Mutalisk x5, Zergling x6  
  121  11:19  Mutalisk x5  
  125  11:28  Roach  
  125  11:29  Roach x5  
  132  11:34  Zergling x4  
  132  11:38  Extractor  
  126  11:41  Spine Crawler  
  117  11:50  Zergling x10  
Tags
 
Add a new tag
Caveats
  • Supply blocks, unpowered buildings, or Contaminate may cause inaccurate times.
  • Supply counts are checked every 10 seconds.